 Dungeon Crawl Stone Soup version 0.17.2 (webtiles) character file.

413 McIrco the Skirmisher (level 6, -10/46 HPs)
             Began as a Centaur Fighter on June 4, 2016.
             Was an Initiate of Ashenzari.
             Killed by nerve-wracking pain
             ... invoked by Grinder
              (11 damage)
             ... on level 5 of the Dungeon.
             The game lasted 00:08:55 (3881 turns).

McIrco the Skirmisher (Centaur Fighter)             Turns: 3881, Time: 00:08:55

Health: -10/46     AC:  9    Str: 21    XL:     6   Next: 59%
Magic:  5/5        EV:  6    Int:  9    God:    Ashenzari [......]
Gold:   39         SH:  9    Dex:  8    Spells: 0 memorised, 5 levels left

rFire  . . .     SeeInvis .     e - +3 war axe (chop)
rCold  . . .     Clarity  .     b - +0 scale mail
rNeg   . . .     SustAt   .     c - +0 shield
rPois  .         Gourm    .     i - +0 helmet
rElec  .         Spirit   .     k - +0 cloak
rCorr  .         Warding  .     (no gloves)
rMut   .         Stasis   .     (no barding)
MR     .....                    (no amulet)
Stlth  ..........               (no ring)
                                (no ring)

@: very quick, not resistant to hostile enchantments, extremely unstealthy
A: hooves 3, clever 1, deformed body, speed 2, frail 1, low mp 1, tough skin 3
a: Renounce Religion


You were on level 5 of the Dungeon.
You worshipped Ashenzari.
Ashenzari was noncommittal.
You were hungry.

You visited 2 branches of the dungeon, and saw 6 of its levels.

You collected 163 gold pieces.
You spent 124 gold pieces at shops.

Inventory:

Hand Weapons
 a - a +0 war axe
 e - a +3 war axe of chopping (weapon)
 g - a +2 quarterstaff of chaos
 q - a +2 rapier of holy wrath
Armour
 b - a +0 scale mail (worn)
 c - a +0 shield (worn)
 i - a +0 helmet (worn)
 k - a +0 cloak (worn)
Scrolls
 f - a scroll of blinking {unknown}
 h - 7 scrolls of identify
 j - 5 scrolls of remove curse
 l - 3 scrolls of enchant weapon {unknown}
 m - 2 scrolls of magic mapping {unknown}
 o - 3 scrolls of teleportation {unknown}
 w - a scroll of amnesia {unknown}
Potions
 d - 2 potions of might
 s - a potion of berserk rage
 t - 2 potions of heal wounds
 u - a potion of curing {unknown}
Comestibles
 n - 2 meat rations
 p - a beef jerky
 r - a royal jelly
 v - a bread ration


   Skills:
 + Level 4.2 Fighting
 + Level 3.3 Axes
 + Level 3.1 Armour
 + Level 1.8 Dodging
 + Level 0.2 Stealth
 + Level 3.1 Shields


You had 5 spell levels left.
You didn't know any spells.

Dungeon Overview and Level Annotations

Branches:
Dungeon (5/15)             Temple (1/1) D:4

Altars:
Ashenzari
Dithmenos
Elyvilon
Fedhas
Gozag
Makhleb
Nemelex Xobeh
Okawaru
Qazlal
Ru
Vehumet
Yredelemnul
Zin
The Shining One

Shops:
D:4 (?!

Annotations:
D:5 Grinder


Innate Abilities, Weirdness & Mutations

You have hooves in place of feet.
Armour fits poorly on your strangely shaped body.
You cover ground very quickly.
You have extremely tough skin (AC +3).
Your mind is acute. (Int +2)
You are frail (-10% HP).
Your magical capacity is low (-10% MP).


Message History

Grinder gestures at you.
You barely resist.
Grinder gestures.
Grinder blinks!
You block the adder skeleton's attack. Grinder gestures at you.
Pain shoots through your body!
* * * LOW HITPOINT WARNING * * *
The water moccasin zombie bites you but does no damage.
You see here 14 gold pieces.
Grinder gestures.
Grinder blinks!
Unknown command.
You open the door. Grinder gestures at you.
You barely resist. The water moccasin zombie bites you.
* * * LOW HITPOINT WARNING * * *
Grinder gestures at you. Pain shoots through your body!
You die...

#..##.†######.##
...#...........# ..
...#...........# >.
...#.........$.# ..
##.#######....## .#
##.###.###....###.###
.#.......#...ZZ.#...#
.#.......#......#...#
.'.......#...5..@...#
.#.......#......#...#
##..##..###..####+###
##..# ..# #.. .....
..#... ...... .#...
....... #. ......>.
##+##


You could see Grinder, a water moccasin zombie and an adder skeleton.

Vanquished Creatures
  An ogre (D:4)
  Crazy Yiuf (D:2)
  2 orc priests (D:4)
  Natasha (thrice) (D:4)
  3 worker ants (D:4)
  4 adders
  2 oozes
  3 worms
  3 giant geckos
  13 orcs
  3 ball pythons
  3 giant cockroaches (D:1)
  4 hobgoblins
  A ball python skeleton (D:4)
  5 bats (D:2)
  6 giant newts
  6 goblins
  8 jackals
  5 kobolds
  2 quokkas
  14 rats
92 creatures vanquished.

Notes
Turn   | Place    | Note
--------------------------------------------------------------
     0 | D:1      | McIrco the Centaur Fighter began the quest for the Orb.
     0 | D:1      | Reached XP level 1. HP: 19/19 MP: 1/1
   161 | D:1      | Reached XP level 2. HP: 23/26 MP: 2/2
   455 | D:1      | Found a sparkling altar of Nemelex Xobeh.
  1019 | D:2      | Found a white marble altar of Elyvilon.
  1058 | D:2      | Reached XP level 3. HP: 19/31 MP: 3/3
  1449 | D:2      | Noticed Crazy Yiuf
  1459 | D:2      | Killed Crazy Yiuf
  1459 | D:2      | Reached XP level 4. HP: 6/38 MP: 4/4
  1460 | D:2      | Gained mutation: You are frail (-10% HP). [potion of mutation]
  1460 | D:2      | Gained mutation: Your magical capacity is low (-10% MP). [potion of mutation]
  1460 | D:2      | Gained mutation: Your mind is acute. (Int +2) [potion of mutation]
  2044 | D:3      | Found a radiant altar of Vehumet.
  2045 | D:3      | Found a shadowy altar of Dithmenos.
  2681 | D:4      | Noticed an ogre
  2685 | D:4      | Killed an ogre
  2685 | D:4      | Reached skill level 1 in Dodging
  2685 | D:4      | Reached XP level 5. HP: 39/41 MP: 4/4
  2690 | D:4      | Reached skill level 4 in Fighting
  2711 | D:4      | Found a staircase to the Ecumenical Temple.
  2711 | D:4      | Noticed Natasha
  2721 | D:4      | Killed Natasha
  2731 | Temple   | Entered the Ecumenical Temple
  2929 | Temple   | Became a worshipper of Ashenzari the Shackled
  3011 | D:4      | Reached XP level 6. HP: 34/46 MP: 5/5
  3017 | D:4      | Noticed Natasha
  3022 | D:4      | Killed Natasha
  3443 | D:4      | Found Kekula's Distillery.
  3448 | D:4      | Bought a potion of berserk rage for 50 gold pieces
  3448 | D:4      | Bought a potion of heal wounds for 50 gold pieces
  3502 | D:4      | Found Qaunwum's Magic Scroll Shop.
  3510 | D:4      | Bought a scroll of identify for 24 gold pieces
  3596 | D:4      | Noticed Natasha
  3599 | D:4      | Killed Natasha
  3691 | D:4      | Found Qaokkini's Weapon Shoppe.
  3758 | D:5      | Entered Level 5 of the Dungeon
  3855 | D:5      | Noticed Grinder
  3880 | D:5      | HP: 1/46 [water moccasin zombie (4)]
  3881 | D:5      | Killed from afar by Grinder

Action                   |  1- 3 |  4- 6 || total
-------------------------+-------+-------++-------
Melee: War axe           |   103 |   154 ||   257
  Use: Potion            |       |     4 ||     4
  Eat: Chunk             |     1 |     2 ||     3
       Bread ration      |       |     1 ||     1
